 Dungeon Crawl Stone Soup version 0.18.1-48-g4cf74bf (webtiles) character file.

1685 grulito the Fighter (level 9, 0/90 HPs)
             Began as a Hill Orc Fighter on June 30, 2016.
             Was a Believer of Trog.
             Slain by an ogre
             ... wielding a +0 giant club
              (21 damage)
             ... on level 6 of the Dungeon.
             The game lasted 00:20:42 (5901 turns).

grulito the Fighter (Hill Orc Fighter)              Turns: 5901, Time: 00:20:43

Health: 0/90       AC: 11    Str: 20    XL:     9   Next: 2%
Magic:  9/9        EV:  3    Int:  8    God:    Trog [**....]
Gold:   243        SH: 13    Dex: 12    Spells: 0 memorised, 8 levels left

rFire  . . .     SeeInvis .     a - +0 war axe
rCold  + . .     Gourm    .     v - +0 chain mail
rNeg   . . .     Faith    .     r - +0 large shield
rPois  .         Spirit   .     (no helmet)
rElec  .         Dismiss  .     s - +0 cloak
rCorr  .         Reflect  .     y - +0 pair of gloves
SustAt .         Harm     .     (no boots)
MR     .....                    (no amulet)
Stlth  ..........               o - +2 ring of slaying
                                j - ring of protection from cold

@: exhausted, slowed, invisible, very slow, not resistant to hostile
enchantments, extremely unstealthy
A: no striking features
a: Berserk, Trog's Hand, Burn Spellbooks, Renounce Religion


You were on level 6 of the Dungeon.
You worshipped Trog.
Trog was pleased with you.
You were not hungry.

You visited 1 branch of the dungeon, and saw 6 of its levels.
You also visited: Ossuary.

You collected 243 gold pieces.

Inventory:

Hand Weapons
 a - a +0 war axe (weapon)
 x - a +0 blowgun
Armour
 b - a +0 scale mail
 c - a +0 shield
 r - a +0 large shield (worn)
 s - a +0 cloak (worn)
 v - a +0 chain mail (worn)
 y - a +0 pair of gloves (worn)
 H - a +0 pair of gloves
Jewellery
 j - a ring of protection from cold (left hand)
 o - a +2 ring of slaying (right hand)
 G - an uncursed ring of magical power
Scrolls
 e - 2 scrolls of magic mapping
 l - a scroll of amnesia
 m - 2 scrolls of random uselessness {unknown}
 n - a scroll of noise {unknown}
 q - a scroll of enchant weapon {unknown}
 u - 5 scrolls of remove curse
 B - a scroll of recharging {unknown}
 C - a scroll of immolation {unknown}
 D - a scroll of teleportation {unknown}
 E - a scroll of fear {unknown}
 I - 2 scrolls of fog {unknown}
Potions
 d - 2 potions of might
 i - 2 potions of lignification
 k - 4 potions of resistance {unknown}
 p - 4 potions of curing {unknown}
 z - 3 potions of cancellation {unknown}
 A - 4 potions of flight
Comestibles
 f - 4 bread rations
 g - 4 meat rations
 t - 2 slices of pizza
 w - a royal jelly


   Skills:
 * Level 12.3 Fighting
 - Level 6.6 Axes
 - Level 3.2 Armour
 - Level 3.2 Shields


You had 8 spell levels left.
You didn't know any spells.

Dungeon Overview and Level Annotations

Branches:
Dungeon (6/15)
 Temple: D:4-7

Altars:
Dithmenos
Nemelex Xobeh
Pakellas
Qazlal
Trog
Vehumet
Xom


Message History

The orc priest is severely wounded.
You block the orc's attack.
The orc priest hits you but does no damage.
The orc barely misses you.
You slash the orc priest!
You kill the orc priest!
Trog accepts your kill.
You hit the ogre.
The ogre is moderately wounded.
The ogre hits you but does no damage.
The orc hits you from afar with a trident.
You closely miss the ogre.
The ogre is moderately wounded.
The orc hits you but does no damage. The ogre hits you with a giant club!!
The orc hits you from afar with a trident.
The ogre hits you with a giant club!!
* * * LOW HITPOINT WARNING * * *
You fade into invisibility!
You block the orc's attack. The ogre hits you with a giant club!!
You die...

### ### ###
###.#.###.###### #.#
...........()).# #.# #
#.#.###.####.# #.#
###.#.###.####.###.####.##
...............O@)........
###.#.###.####o###.####.##
...................#
###.#.###.####.###.#
##....# #..........o..o.oo
##....# #.####.###.####.#.
##....# #........###
##....###.####.#.
##........(......


You could see an ogre and an orc.

Vanquished Creatures
  An orc warrior (D:6)
  2 black bears (D:6)
  A phantom (D:5)
  An ogre (D:6)
  A giant frog (D:6)
  2 water moccasin zombies (Ossuary)
  A scorpion (D:4)
  2 howler monkeys (D:4)
  4 crimson imps
  2 hounds (D:5)
  6 orc priests
  4 orc wizards
  An iguana (D:6)
  2 worker ants
  A big kobold zombie (Ossuary)
  2 hound skeletons
  The ghost of Biabri the Conjurer, a weakling DECj (Ossuary)
  2 mummies (Ossuary)
  3 gnolls
  2 howler monkey skeletons
  8 adders
  2 oozes (D:1)
  2 adder zombies (Ossuary)
  3 worms
  3 dart slugs
  7 giant geckos
  19 orcs
  2 ball pythons
  4 giant cockroaches
  9 goblins
  5 hobgoblins
  13 jackals
  6 kobolds
  2 quokkas
  14 bats
  4 giant newts
  4 gnoll zombies (Ossuary)
  6 hobgoblin zombies (Ossuary)
  2 jackal skeletons (D:5)
  A kobold zombie (Ossuary)
  6 orc zombies (Ossuary)
  8 rats
171 creatures vanquished.

Vanquished Creatures (others)
  An orc wizard (D:6)
1 creature vanquished.

Grand Total: 172 creatures vanquished

Notes
Turn   | Place    | Note
--------------------------------------------------------------
     0 | D:1      | grulito the Hill Orc Fighter began the quest for the Orb.
     0 | D:1      | Reached XP level 1. HP: 19/19 MP: 1/1
    58 | D:1      | Reached XP level 2. HP: 25/26 MP: 2/2
   376 | D:1      | Reached XP level 3. HP: 28/31 MP: 3/3
   626 | D:1      | Reached skill level 5 in Axes
   902 | D:2      | Reached XP level 4. HP: 38/39 MP: 4/4
  1951 | D:2      | Found a shadowy altar of Dithmenos.
  2135 | D:3      | Reached XP level 5. HP: 44/45 MP: 5/5
  2360 | D:3      | Reached skill level 4 in Fighting
  2489 | D:3      | Found a bloodstained altar of Trog.
  2503 | D:3      | Became a worshipper of Trog the Wrathful
  2509 | D:3      | Found a sparkling altar of Nemelex Xobeh.
  2523 | D:3      | Found a radiant altar of Vehumet.
  2526 | D:3      | Found an oddly glowing altar of Pakellas.
  2868 | D:2      | Reached skill level 5 in Fighting
  3439 | D:4      | Reached XP level 6. HP: 56/56 MP: 6/6
  3446 | D:3      | Reached skill level 6 in Fighting
  3852 | D:4      | Reached skill level 7 in Fighting
  3954 | D:4      | Found a shimmering altar of Xom.
  3969 | D:4      | Reached XP level 7. HP: 63/66 MP: 7/7
  4041 | D:5      | Entered Level 5 of the Dungeon
  4041 | D:5      | Found a sand-covered staircase.
  4089 | D:5      | Reached skill level 8 in Fighting
  4109 | Ossuary  | Entered an ossuary
  4398 | Ossuary  | Noticed Biabri's ghost (weakling DECj)
  4405 | Ossuary  | Killed Biabri's ghost
  4405 | Ossuary  | Reached skill level 9 in Fighting
  4749 | D:5      | Found a stormy altar of Qazlal.
  4766 | D:5      | Reached * piety under Trog
  4776 | D:5      | Reached XP level 8. HP: 78/78 MP: 8/8
  5168 | D:5      | Reached skill level 10 in Fighting
  5541 | D:6      | Reached skill level 11 in Fighting
  5623 | D:6      | Found a bloodstained altar of Trog.
  5766 | D:6      | Reached ** piety under Trog
  5884 | D:6      | Reached skill level 12 in Fighting
  5890 | D:6      | Reached XP level 9. HP: 90/90 MP: 9/9
  5901 | D:6      | Slain by an ogre

Skill      XL: |  1  2  3  4  5  6  7  8 |
---------------+-------------------------+-----
Axes           | 3 4 5 6 |  6.6
Fighting       | 5 7 9 12 | 12.3
Armour         | |  3.2
Shields        | |  3.2

Action                   |  1- 3 |  4- 6 |  7- 9 || total
-------------------------+-------+-------+-------++-------
Melee: War axe           |   139 |   228 |   273 ||   640
Invok: Berserk           |       |       |     1 ||     1
  Use: Scroll            |       |     4 |     3 ||     7
       Potion            |       |       |     1 ||     1
 Stab: Invisible         |       |     2 |       ||     2
  Eat: Chunk             |       |     7 |     1 ||     8
       Beef jerky        |       |     2 |     1 ||     3
       Bread ration      |       |       |     2 ||     2
Armor: Scale mail        |    70 |    60 |       ||   130
       Chain mail        |       |    58 |   152 ||   210
Dodge: Dodged            |    48 |    36 |    33 ||   117
Block: Shield            |    82 |     2 |       ||    84
       Large shield      |       |   212 |   190 ||   402
